 Dungeon Sprint DCSS version 0.18-a0-1788-g92de1ac (webtiles) character file.

3300000 wvc the Conqueror (level 24, -26/227 HPs)
             Began as a Formicid Fighter on Apr 19, 2016.
             Was the Champion of Makhleb.
             Annihilated by a destroyer
             ... wielding a +9 great sword of slicing
              (58 damage)
             ... in the Dungeon (Sprint VIII: "Arena of Blood").
             The game lasted 00:03:51 (33 turns).

wvc the Conqueror (Formicid Fighter)                  Turns: 33, Time: 00:03:53

Health: -26/227    AC: 13    Str: 22    XL:     24   Next: 96%
Magic:  22/54      EV: 31    Int: 11    God:    Makhleb [******]
Gold:   0          SH: 19    Dex: 18    Spells: 0 memorised, 77 levels left

rFire  . . .     SeeInvis +     l - +∞ Axe of Woe
rCold  . . .     Gourm    .     b - +0 scale mail
rNeg   . . .     Faith    .     c - +0 shield
rPois  .         Spirit   .     (helmet unavailable)
rElec  .         Dismiss  .     (no cloak)
rCorr  .         Reflect  .     (no gloves)
SustAt .         Harm     .     (no boots)
MR     ++...                    (no amulet)
Stlth  ++++++++..               (no ring)
                                (no ring)

@: very resistant to hostile enchantments, extraordinarily stealthy
A: permanent stasis, dig shafts and tunnels, four strong arms, antennae 3
a: Dig, Minor Destruction, Lesser Servant of Makhleb, Major Destruction, Greater
Servant of Makhleb, Renounce Religion


You were in the Dungeon.
You worshipped Makhleb.
Makhleb was exalted by your worship.
You were not hungry.

You visited 1 branch

Inventory:

Hand Weapons
 a - a +0 war axe
 l - the +∞ Axe of Woe (weapon)
   (You found it in the Dungeon)
Armour
 b - a +0 scale mail (worn)
 c - a +0 shield (worn)
Scrolls
 k - a scroll of blinking
Potions
 d - a potion of might
 e - a potion of curing
 g - a potion of heal wounds
 h - a potion of haste
 i - 2 potions of magic
 j - a potion of berserk rage
Comestibles
 f - a bread ration


   Skills:
 O Level 27 Fighting
 O Level 27 Axes
 O Level 27 Throwing
 O Level 27 Armour
 O Level 27 Dodging
 O Level 27 Stealth
 O Level 27 Shields
 O Level 27 Unarmed Combat
 O Level 27 Spellcasting
 O Level 27 Invocations


You had 77 spell levels left.
You didn't know any spells.

Dungeon Overview and Level Annotations

Branches:
Dungeon (1/1)

Altars:
Makhleb


Innate Abilities, Weirdness & Mutations

You are under a permanent stasis effect.
You can dig through walls and to a lower floor.
Your four strong arms can wield two-handed weapons with a shield.
You have a pair of large antennae on your head (SInv).


Message History

The meat berserker rages.
The destroyer blinks!
A meat berserker comes into view. It is wielding a +9 battleaxe.
The destroyer shouts!
You open the large bag of meat like a pillowcase!!!
You pulverise the large bag of meat into a thin bloody mist.
The large bag of meat explodes!
The fiery explosion engulfs you!
The fiery explosion engulfs the bag of meat.
Makhleb accepts your kill.
You feel better.
You are engulfed in roaring flames.
You hear a shout! x17
The bag of meat moves out of view.
You hear a shout! x2
An ogre and a vampire knight come into view.
You hear a shout! x2
The destroyer hits you with a +9 great sword of slicing!!!!!
Ouch! That really hurt!
* * * LOW HITPOINT WARNING * * *
You die...

.. .. V. .O #o{
..#{ #.o{{ ..#
.###..{ ..###.
.§..oV###......
.....oV_%......
....#.)@..#....
. #_)§§_# .
#C)§§.# {
.O...§§§o......
....o.###O......
.###.% ..###%.
#.. ..# {. #..
{..# .. ...


You could see 3 destroyers, a large bag of meat (inner flame), 2 meat berserkers
and 5 bags of meat.

Vanquished Creatures
  A vampire knight (D)
  10 ogres (D)
  19 orcs (D)
  A hill giant (D)
31 creatures vanquished.

Notes
Turn   | Place    | Note
--------------------------------------------------------------
     0 | D        | wvc the Formicid Fighter began the quest for the Orb.
     0 | D        | Reached XP level 1. HP: 18/18 MP: 1/1
     3 | D        | Noticed a bag of meat
     4 | D        | Became a worshipper of Makhleb the Destroyer
     5 | D        | Killed a bag of meat
     5 | D        | Reached XP level 2. HP: 24/24 MP: 2/2
     5 | D        | Reached XP level 3. HP: 29/29 MP: 3/3
     5 | D        | Reached XP level 4. HP: 35/35 MP: 4/4
     5 | D        | Reached XP level 5. HP: 41/41 MP: 5/5
     5 | D        | Reached XP level 6. HP: 47/47 MP: 6/6
     5 | D        | Reached XP level 7. HP: 52/52 MP: 7/7
     5 | D        | Reached XP level 8. HP: 58/58 MP: 8/8
     5 | D        | Reached XP level 9. HP: 64/64 MP: 9/9
     5 | D        | Reached XP level 10. HP: 70/70 MP: 10/10
     5 | D        | Reached XP level 11. HP: 75/75 MP: 11/11
     5 | D        | Reached XP level 12. HP: 81/81 MP: 12/12
     6 | D        | Noticed a bag of meat
     6 | D        | Noticed a bag of meat
     6 | D        | Noticed a bag of meat
     7 | D        | Noticed a bag of meat
     8 | D        | Noticed a bag of meat
     9 | D        | Killed a bag of meat
     9 | D        | Reached * piety under Makhleb
     9 | D        | Reached XP level 13. HP: 108/108 MP: 13/13
    11 | D        | Noticed a meat berserker
    11 | D        | Killed a bag of meat
    11 | D        | Reached skill level 15 in Fighting
    11 | D        | Reached skill level 15 in Armour
    11 | D        | Reached skill level 15 in Shields
    11 | D        | Reached XP level 14. HP: 123/123 MP: 14/14
    12 | D        | Killed a bag of meat
    12 | D        | Reached ** piety under Makhleb
    12 | D        | Reached XP level 15. HP: 136/136 MP: 15/15
    15 | D        | Noticed a meat berserker
    15 | D        | Noticed a meat berserker
    15 | D        | Noticed a meat berserker
    16 | D        | Killed a meat berserker
    16 | D        | Reached *** piety under Makhleb
    16 | D        | Reached XP level 16. HP: 155/155 MP: 16/16
    18 | D        | Killed a meat berserker
    18 | D        | Reached XP level 17. HP: 171/171 MP: 17/17
    19 | D        | namelastname112: такие дела
    19 | D        | wvc: что за пиздец?
    19 | D        | namelastname112: лол
    19 | D        | namelastname112: ну
    20 | D        | Noticed a meat berserker
    20 | D        | Noticed a destroyer
    20 | D        | Killed a meat berserker
    20 | D        | Reached **** piety under Makhleb
    20 | D        | Reached skill level 27 in Fighting
    20 | D        | Reached skill level 27 in Armour
    20 | D        | Reached skill level 27 in Shields
    20 | D        | namelastname112: арена оф блад
    20 | D        | Reached XP level 18. HP: 182/182 MP: 18/18
    20 | D        | Killed a meat berserker
    20 | D        | Reached XP level 19. HP: 189/189 MP: 19/19
    21 | D        | namelastname112: убиваешь их
    21 | D        | namelastname112: потом заспавнится митлорд
    22 | D        | Noticed a meat berserker
    22 | D        | Killed a meat berserker
    22 | D        | Reached ***** piety under Makhleb
    22 | D        | Reached skill level 27 in Axes
    22 | D        | Reached XP level 20. HP: 197/197 MP: 20/20
    22 | D        | namelastname112: убьешь его - под тобой заспавнится орб
    22 | D        | Reached skill level 27 in Dodging
    23 | D        | Noticed a meat berserker
    23 | D        | Noticed a meat berserker
    23 | D        | Killed a destroyer
    23 | D        | Reached XP level 21. HP: 204/204 MP: 20/38
    23 | D        | Reached skill level 27 in Invocations
    25 | D        | Noticed a meat berserker
    25 | D        | Killed a meat berserker
    25 | D        | Reached ****** piety under Makhleb
    25 | D        | Reached skill level 27 in Stealth
    25 | D        | Reached XP level 22. HP: 212/212 MP: 20/39
    27 | D        | Noticed a meat berserker
    27 | D        | Killed a meat berserker
    27 | D        | Reached XP level 23. HP: 219/219 MP: 21/46
    29 | D        | Reached XP level 24. HP: 227/227 MP: 21/52
    30 | D        | Noticed a destroyer
    30 | D        | Reached skill level 27 in Throwing
    30 | D        | Reached skill level 27 in Unarmed Combat
    30 | D        | Reached skill level 27 in Spellcasting
    31 | D        | namelastname112: зацени кстати экипировку у мобов
    32 | D        | Noticed a destroyer
    33 | D        | Noticed a destroyer
    33 | D        | Annihilated by a destroyer

Vault maps used:
D:        meatsprint

Skill      XL: |  1  2  3  4  5  6  7  8  9 10 11 12 13 14 15 16 17 18 19 20 21 22 23 24 |
---------------+-------------------------------------------------------------------------+-----
Axes           | 25 27 | 27.0
Fighting       | 12 15 17 22 25 27 | 27.0
Armour         | 12 15 17 22 25 27 | 27.0
Shields        | 12 15 18 23 26 27 | 27.0
Dodging        | 21 23 27 | 27.0
Invocations    | 26 27 | 27.0
Stealth        | 27 | 27.0
Throwing       | 9 19 25 27 | 27.0
Unarmed Combat | 9 19 25 27 | 27.0
Spellcasting   | 9 19 25 27 | 27.0

Action                   |  1- 3 |  4- 6 |  7- 9 | 10-12 | 13-15 | 16-18 | 19-21 | 22-24 || total
-------------------------+-------+-------+-------+-------+-------+-------+-------+-------++-------
Melee: Executioner's axe |     1 |       |       |     1 |     4 |     2 |     3 |     5 ||    16
Dodge: Dodged            |       |       |       |       |       |     1 |       |       ||     1
Block: Shield            |       |       |       |       |       |       |       |     1 ||     1
